Map: Echo LE (Void)

Players

Veritas - Winner!

  • Race: Protoss Protoss
  • Spawn Location: 11:00

Cheater 1 (Resources)

  • Race: Terran Terran
  • Spawn Location: 5:00

VOD

Have the link to the VOD?

Description

Time

  • Played on: Dec. 10, 2016, 8:32 p.m.
  • Length: 17:15
Show
View Real Time Build Order
Export as new Build Order

Veritas Protoss - Winner!

Build Orders: 1 Gate Expand 

Get SALT Encoding   

  12  0:00  Probe (Chrono Boost)  
  13  0:11  Probe (Chrono Boost)  
  14  0:18  Pylon  
  14  0:22  Probe (Chrono Boost)  
  15  0:36  Probe (Chrono Boost)  
  15  0:37  Gateway  
  16  0:47  Probe (Chrono Boost)  
  16  0:49  Assimilator  
  17  0:57  Probe (Chrono Boost)  
  18  1:08  Probe (Chrono Boost)  
  19  1:23  Nexus  
  19  1:33  Cybernetics Core  
  19  1:35  Probe (Chrono Boost)  
  20  1:44  Assimilator  
  20  1:45  Probe (Chrono Boost)  
  21  1:51  Pylon  
  21  1:56  Probe (Chrono Boost)  
  22  2:06  Probe (Chrono Boost)  
  23  2:09  Warp Gate (Chrono Boost)  
  23  2:14  Adept  
  25  2:18  Probe  
  26  2:30  Mothership Core  
  26  2:33  Probe  
  29  2:44  Probe  
  29  2:46  Robotics Facility  
  29  2:50  Adept  
  33  2:51  Probe  
  33  2:54  Probe  
  34  3:03  Probe  
  34  3:05  Probe  
  35  3:08  Pylon  
  36  3:15  Probe x2  
  36  3:17  Adept  
  36  3:18  Assimilator  
  40  3:20  Assimilator  
  40  3:27  Probe  
  40  3:29  Probe  
  40  3:33  Observer (Chrono Boost)  
  43  3:38  Probe  
  43  3:41  Probe  
  45  3:44  Gateway x2  
  45  3:51  Gateway  
  45  3:54  Observer (Chrono Boost)  
  46  3:59  Probe x2  
  48  4:11  Probe x2  
  48  4:15  Pylon  
  50  4:17  Pylon  
  50  4:21  Pylon  
  50  4:24  Probe x2  
  52  4:33  Stargate  
  52  4:35  Pylon  
  52  4:36  Pylon  
  52  4:47  Adept  
  52  4:49  Immortal (Chrono Boost)  
  58  4:54  Pylon  
  58  4:55  Pylon  
  58  4:57  Pylon  
  58  5:06  Adept x3  
  64  5:07  Adept  
  64  5:13  Probe x2  
  68  5:22  Nexus  
  68  5:27  Pylon  
  68  5:37  Adept x3  
  68  5:39  Adept  
  68  5:41  Probe  
  77  5:43  Probe  
  78  5:53  Phoenix (Chrono Boost)  
  80  6:02  Immortal (Chrono Boost)  
  80  6:03  Probe  
  85  6:05  Probe  
  86  6:15  Probe  
  86  6:18  Phoenix (Chrono Boost)  
  89  6:19  Gateway  
  89  6:22  Gateway  
  89  6:25  Gateway, Probe  
  90  6:27  Probe  
  91  6:37  Adept x3, Probe  
  98  6:44  Twilight Council  
  98  6:51  Forge x2  
  98  6:54  Probe x3  
  101  7:10  Sentry x4  
  109  7:24  Immortal  
  109  7:25  Phoenix (Chrono Boost)  
  115  7:31  Resonating Glaives (Chrono Boost)  
  115  7:33  Protoss Ground Armor Level 1, Protoss Ground Weapons Level 1  
  115  7:34  Probe  
  115  7:35  Probe x2  
  118  7:43  Adept x5  
  128  7:44  Adept  
  128  7:45  Adept  
  128  7:48  Phoenix  
  120  8:31  Pylon  
  120  8:33  Pylon  
  110  8:38  Pylon  
  110  8:39  Pylon  
  110  8:41  Pylon  
  110  8:44  Void Ray  
  114  8:49  Immortal  
  114  8:52  Adept x5  
  114  8:53  Adept x2  
  132  8:58  Gateway  
  132  9:00  Gateway  
  132  9:02  Probe  
  132  9:03  Gateway, Probe x2  
  132  9:06  Gateway  
  135  9:15  Probe  
  135  9:16  Mothership Core  
  138  9:24  Assimilator  
  138  9:26  Assimilator  
  138  9:27  Void Ray  
  138  9:29  Immortal  
  146  9:36  Nexus  
  146  9:38  Pylon  
  146  9:40  Pylon  
  146  9:45  Protoss Ground Weapons Level 2, Protoss Ground Armor Level 2  
  146  9:49  Charge (Chrono Boost)  
  146  9:55  Assimilator  
  146  9:59  Assimilator  
  146  10:01  Adept x4  
  146  10:02  Adept  
  156  10:10  Phoenix  
  158  10:15  Immortal  
  162  10:21  Robotics Bay  
  162  10:28  Templar Archives  
  162  10:33  Probe  
  162  10:34  Probe x2  
  162  10:35  Phoenix  
  167  10:44  Zealot x3  
  167  10:46  Probe  
  167  10:47  Probe  
  167  10:48  Zealot x2  
  167  10:49  Zealot x4  
  186  11:00  Probe x2  
  186  11:02  Pylon  
  188  11:05  Pylon  
  188  11:18  Probe x2  
  188  11:20  Phoenix, Observer  
  163  11:37  High Templar  
  163  11:38  High Templar x3  
  163  11:39  High Templar  
  171  11:42  Observer, High Templar  
  171  11:43  Archon  
  171  11:44  Archon  
  171  11:45  Phoenix  
  171  11:46  Archon  
  176  11:59  Zealot x5  
  186  12:03  Immortal  
  190  12:15  Void Ray  
  194  12:23  Nexus  
  194  12:26  Pylon  
  194  12:27  Robotics Facility  
  194  12:28  Pylon  
  194  12:30  Pylon  
  194  12:44  Colossus  
  194  12:48  Pylon  
  194  12:49  Pylon  
  200  12:53  Photon Cannon  
  200  12:54  Photon Cannon  
  200  12:57  Photon Cannon  
  200  12:58  Photon Cannon  
  200  12:59  Photon Cannon  
  200  13:01  Photon Cannon  
  186  13:17  Zealot  
  186  13:18  Zealot x6  
  186  13:19  Zealot x4  
  188  13:30  Colossus  
  188  13:31  Void Ray  
  186  13:37  Colossus  
  157  14:14  Void Ray  
  149  14:20  High Templar x4  
  149  14:21  High Templar x4  
  149  14:22  High Templar x3  
  149  14:23  Colossus  
  165  14:31  Colossus  
  173  14:42  Archon x3  
  173  14:43  Archon  
  173  14:44  Archon  
  173  14:54  Zealot  
  173  14:55  Zealot x5  
  173  14:56  Zealot x5  
  173  14:57  Phoenix  
  197  15:08  Assimilator  
  197  15:13  Assimilator  
  197  15:22  Phoenix  
  197  15:24  Nexus  
  199  15:47  Phoenix  
  177  15:51  Zealot  
  177  15:52  Zealot x4  
  177  15:53  Zealot x3  
  191  16:08  Pylon x2  
  191  16:10  Pylon  
  189  16:12  Observer Gravitic Boosters, Pylon  
  187  16:40  Photon Cannon  
  187  16:42  Photon Cannon  
  187  16:43  Photon Cannon  
  187  16:45  Photon Cannon  
  187  16:47  Assimilator  
  187  16:51  Assimilator  
  187  16:57  Zealot x5  
  187  16:58  Zealot  
Show
View Real Time Build Order
Export as new Build Order

Cheater 1 (Resources) Terran 

Build Orders: MMM Bio 

Get SALT Encoding   

  12  0:00  SCV  
  13  0:13  SCV  
  14  0:18  Supply Depot  
  14  0:25  SCV  
  15  0:40  SCV  
  16  0:43  Barracks  
  16  0:52  SCV  
  17  1:04  SCV  
  18  1:16  Supply Depot, SCV  
  19  1:22  Refinery  
  19  1:28  SCV  
  19  1:30  Marine  
  21  1:40  SCV  
  22  1:48  Marine, Barracks  
  22  1:52  SCV  
  22  1:53  Refinery  
  24  2:00  Supply Depot  
  24  2:04  SCV  
  24  2:06  Marine  
  26  2:16  SCV  
  26  2:22  Factory  
  27  2:24  Marine  
  27  2:29  SCV  
  29  2:35  Marine  
  30  2:41  Marine, SCV  
  32  2:53  Marine, SCV  
  34  2:59  Marine  
  34  3:01  Barracks  
  34  3:05  SCV  
  36  3:10  Marine  
  37  3:17  SCV, Barracks Tech Lab  
  38  3:24  Factory Tech Lab, Starport  
  38  3:29  SCV  
  38  3:31  Supply Depot, Barracks Tech Lab  
  39  3:46  Stimpack  
  39  3:53  SCV  
  40  4:00  Supply Depot, Medivac  
  40  4:02  Marine  
  43  4:04  Marine  
  43  4:06  Orbital Command  
  43  4:07  Combat Shields  
  44  4:11  Supply Depot  
  44  4:30  Marauder, Medivac  
  48  4:38  Marauder, Engineering Bay  
  50  4:41  Command Center  
  50  4:56  Marauder  
  52  5:00  Marauder, Medivac  
  52  5:04  Missile Turret  
  52  5:05  Marine, Missile Turret  
  57  5:11  Supply Depot  
  57  5:17  Marauder  
  59  5:22  Marauder  
  59  5:25  Terran Infantry Weapons Level 1  
  61  5:36  Engineering Bay, Barracks Reactor  
  61  5:39  Marauder  
  61  5:42  Marine  
  63  5:44  Supply Depot  
  64  5:55  SCV  
  65  5:59  SCV  
  65  6:00  Marauder  
  65  6:01  Marauder  
  65  6:02  Terran Infantry Armor Level 1  
  70  6:08  SCV  
  70  6:11  SCV  
  72  6:12  Marine  
  73  6:20  SCV  
  73  6:21  Marauder, Refinery  
  73  6:23  SCV  
  73  6:25  Marine, Concussive Shells  
  79  6:26  Marauder  
  79  6:30  Marine  
  79  6:32  SCV  
  82  6:33  Missile Turret  
  82  6:35  SCV  
  82  6:36  Supply Depot  
  83  6:43  Marauder  
  83  6:44  Command Center  
  85  6:49  Orbital Command  
  85  6:50  SCV  
  86  6:55  Marauder  
  88  7:02  SCV  
  88  7:04  Marauder, Missile Turret  
  88  7:05  Supply Depot  
  91  7:12  Barracks  
  91  7:14  SCV  
  92  7:16  Marauder, SCV  
  92  7:22  Starport Reactor  
  95  7:25  Marauder  
  95  7:26  SCV  
  98  7:31  Supply Depot  
  98  7:32  Marine  
  98  7:33  Marine  
  100  7:37  Marauder  
  102  7:47  Marauder  
  102  7:50  Marine  
  105  7:52  Marine  
  105  7:54  Supply Depot  
  105  7:56  SCV  
  105  7:58  Marine, Medivac, Viking  
  111  7:59  Marauder  
  111  8:01  Armory  
  111  8:03  SCV  
  111  8:04  SCV  
  116  8:08  Marauder, SCV  
  119  8:15  SCV  
  119  8:16  Marine  
  119  8:18  Marine  
  119  8:19  Marine  
  111  8:20  Marine, SCV  
  111  8:22  SCV  
  100  8:27  SCV  
  100  8:29  Marine  
  100  8:33  SCV  
  86  8:34  Marine, SCV  
  86  8:37  Marine  
  86  8:38  Marine, Marauder  
  86  8:39  SCV  
  84  8:45  SCV  
  84  8:46  Medivac  
  84  8:47  Terran Infantry Weapons Level 2, Marauder, SCV  
  90  8:51  SCV  
  90  8:52  Marine  
  90  8:54  Marine  
  93  8:55  Missile Turret  
  93  8:56  Marine  
  93  8:57  SCV  
  93  8:59  SCV  
  93  9:00  Marauder, Missile Turret  
  98  9:03  SCV  
  98  9:04  Medivac  
  98  9:09  Marauder  
  103  9:10  Marine  
  103  9:12  Marine  
  103  9:14  Marine  
  103  9:16  Orbital Command, Medivac  
  108  9:21  Marauder  
  110  9:27  Marine  
  110  9:28  Missile Turret  
  110  9:30  Marine, Marauder  
  114  9:31  Missile Turret  
  114  9:34  Marine, Supply Depot, Viking  
  117  9:39  Fusion Core  
  117  9:41  Refinery  
  117  9:43  Marauder, Refinery  
  117  9:45  Marine  
  119  9:46  Refinery  
  119  9:48  Marine  
  119  9:52  Marauder, Factory  
  123  9:54  Missile Turret  
  123  9:57  Supply Depot  
  123  10:04  Marauder, SCV  
  123  10:06  Command Center, SCV x2, Starport  
  128  10:10  Viking  
  128  10:13  Marauder, Viking  
  134  10:16  SCV  
  134  10:19  SCV  
  134  10:20  SCV  
  137  10:21  Supply Depot  
  137  10:25  Marauder  
  137  10:27  Armory  
  137  10:28  SCV  
  140  10:30  Marine  
  140  10:32  Marine, Missile Turret  
  140  10:33  Marine, Hi-Sec Auto Tracking  
  140  10:34  Marauder  
  145  10:36  Factory Tech Lab  
  145  10:45  Barracks, Starport Tech Lab  
  145  10:46  Supply Depot  
  145  10:47  Marauder  
  145  10:48  Marine  
  148  10:50  Marine, Ghost Academy  
  148  10:52  Marine, Viking  
  148  10:54  Missile Turret  
  148  10:56  Marauder  
  154  11:03  Building Armor  
  154  11:04  Raven  
  154  11:05  High Capacity Fuel Tanks  
  154  11:08  Marine, Marauder  
  159  11:11  Supply Depot, Barracks Tech Lab  
  159  11:16  Viking  
  159  11:17  Marine  
  162  11:18  Marine, SCV x2  
  162  11:20  Refinery  
  157  11:25  Marine  
  157  11:29  Marine, Ghost  
  157  11:30  Refinery  
  157  11:31  Marine  
  128  11:36  Marauder, Marine  
  128  11:39  Viking  
  106  11:43  Marine  
  106  11:45  Planetary Fortress  
  106  11:46  Command Center  
  107  11:47  Marauder  
  107  11:48  Battlecruiser  
  107  11:49  Marine  
  107  11:50  Missile Turret  
  107  11:53  Hellion x2  
  120  11:54  Marine  
  120  11:57  Marauder  
  120  11:58  Marauder  
  125  12:01  Marine  
  125  12:02  Factory  
  125  12:07  Marine  
  127  12:09  Marauder  
  127  12:12  Marine  
  127  12:14  Siege Tank, Hellion  
  135  12:19  Marauder x2, Marine  
  140  12:25  Marine  
  140  12:28  Missile Turret  
  141  12:30  Marauder, Missile Turret  
  141  12:33  Medivac  
  141  12:35  Thor  
  151  12:39  Ghost  
  151  12:40  Ghost  
  151  12:42  Supply Depot  
  155  12:45  Cyclone  
  155  12:46  Widow Mine  
  160  12:51  Raven  
  160  12:52  Marauder  
  160  12:53  Medivac  
  166  13:03  Medivac  
  168  13:08  Ghost  
  168  13:09  Marauder, Refinery  
  168  13:12  Ghost  
  172  13:13  Refinery  
  172  13:15  Thor  
  172  13:17  Marine, Factory Tech Lab  
  172  13:18  Marine, Hellion  
  163  13:21  Marine  
  163  13:22  Viking  
  144  13:31  Marauder  
  144  13:33  Viking  
  124  13:34  SCV x2, Viking  
  124  13:35  Marine  
  124  13:36  Marine x2, SCV  
  124  13:37  SCV  
  124  13:39  Marine  
  124  13:40  Hellion  
  124  13:41  Ghost  
  120  13:46  SCV x2  
  120  13:48  SCV  
  112  13:51  Marine  
  112  13:52  Viking  
  112  13:53  Marine  
  112  13:54  Marine  
  112  13:55  Marauder, SCV  
  100  13:57  Marine  
  100  13:58  Siege Tank, SCV  
  100  13:59  SCV  
  100  14:00  Widow Mine, SCV  
  92  14:03  Viking  
  92  14:07  SCV  
  92  14:09  Marine  
  84  14:10  Marauder, SCV  
  84  14:11  Marine  
  84  14:12  Marine  
  84  14:14  SCV  
  84  14:15  Marine  
  84  14:16  Marauder  
  91  14:19  Ghost Academy, SCV  
  91  14:22  Viking  
  78  14:25  SCV  
  78  14:26  SCV  
  78  14:28  Marauder  
  78  14:29  Marine  
  78  14:30  Marine, Siege Tank, Hellion  
  78  14:31  Marauder, SCV  
  80  14:32  Marine  
  80  14:33  Viking  
  80  14:37  Marine  
  80  14:38  SCV  
  72  14:39  SCV  
  72  14:43  SCV  
  74  14:47  Marine  
  74  14:48  Marine  
  74  14:49  Marauder  
  74  14:50  SCV  
  74  14:51  Marine, SCV, Hellion  
  126  14:52  Viking  
  85  14:53  Marauder  
  85  14:55  Ghost, SCV  
  90  15:02  SCV, Hellion  
  90  15:03  SCV, Viking  
  90  15:04  Marine  
  90  15:05  Marine  
  90  15:06  Command Center  
  98  15:07  SCV  
  98  15:09  Marine  
  98  15:10  Marine  
  98  15:12  Siege Tank  
  98  15:13  Marine  
  106  15:14  SCV  
  106  15:16  SCV  
  106  15:19  SCV  
  106  15:20  Command Center  
  108  15:22  Marine  
  108  15:23  Marine x2, Siege Tank  
  108  15:26  SCV  
  108  15:27  Marine  
  108  15:28  Marauder, SCV  
  119  15:31  Marine, SCV  
  121  15:38  SCV  
  121  15:40  SCV  
  121  15:42  Marauder  
  121  15:44  Hellion  
  121  15:49  Refinery  
  72  15:50  Marauder x2  
  72  15:51  Marine  
  72  15:53  Marine  
  72  15:56  Hellion  
  51  16:02  Ghost  
  52  16:10  Ghost  
  15  16:34  SCV  
  4  16:54  Command Center  
  4  17:03  SCV  
Tags
 
Composition
MMM Bio
Matchup
PvT
Spawn Locations
Cross Positions
Add a new tag
Caveats
  • Supply blocks, unpowered buildings, or Contaminate may cause inaccurate times.
  • Supply counts are checked every 10 seconds.